Map: Pillars of Gold LE

Players

SpeCial - Winner!

  • Race: Terran Terran
  • Spawn Location: 1:00

Erik

  • Race: Zerg Zerg
  • Spawn Location: 7:00

Event: DreamHack SC2 Masters 2020 Fall

VOD

Have the link to the VOD?

Description

Time

  • Played on: Aug. 27, 2020, 4:13 p.m.
  • Length: 11:52

All games in this series

Show
View Real Time Build Order
Export as new Build Order

SpeCial Terran - Winner!

Build Orders: Gas First Reaper Expand 

Get SALT Encoding   

  12  0:01  SCV  
  13  0:13  SCV  
  14  0:18  Supply Depot  
  14  0:25  SCV  
  15  0:29  Refinery  
  15  0:39  SCV  
  16  0:45  Barracks  
  16  0:51  SCV  
  17  1:03  SCV  
  18  1:15  SCV  
  19  1:32  Orbital Command, Reaper  
  20  1:45  Command Center  
  20  1:55  Factory  
  20  1:59  SCV  
  21  2:07  Barracks Reactor  
  21  2:11  SCV  
  22  2:16  Supply Depot  
  22  2:19  Refinery  
  22  2:23  SCV  
  23  2:37  SCV  
  23  2:44  Starport  
  24  2:49  SCV  
  25  2:53  Hellion x2, Marine  
  25  2:57  Orbital Command  
  30  3:01  SCV  
  31  3:17  Bunker  
  31  3:18  Barracks Tech Lab  
  30  3:21  Widow Mine x2  
  30  3:24  Viking  
  36  3:31  Supply Depot  
  36  3:33  SCV  
  36  3:34  SCV  
  38  3:38  Marauder  
  40  3:42  Orbital Command  
  40  3:47  SCV  
  41  3:52  Hellion x2  
  45  4:11  SCV x2  
  45  4:14  Banshee  
  45  4:16  Barracks Tech Lab  
  50  4:21  Command Center  
  50  4:26  SCV x2  
  52  4:33  Supply Depot  
  52  4:36  Marine  
  53  4:43  Orbital Command, Stimpack  
  53  4:51  SCV  
  52  4:54  Factory Reactor  
  52  4:58  Barracks  
  52  5:00  Marine  
  53  5:07  Starport Reactor, SCV  
  53  5:10  SCV  
  55  5:18  Marine  
  55  5:19  SCV  
  57  5:26  SCV  
  58  5:30  Barracks  
  58  5:31  SCV  
  59  5:36  Marine  
  59  5:38  SCV  
  59  5:42  Engineering Bay  
  55  5:43  SCV  
  55  5:44  Engineering Bay  
  55  5:45  Orbital Command  
  55  5:46  Supply Depot  
  55  5:47  Marine x2  
  55  5:48  Siege Tank  
  61  5:52  SCV  
  61  5:55  SCV  
  63  5:57  Supply Depot  
  63  6:00  Medivac x2  
  67  6:05  Refinery, Marine  
  67  6:06  Marine  
  67  6:07  Refinery, Marine  
  71  6:11  SCV x3  
  73  6:23  SCV x3  
  73  6:25  Marine x3  
  76  6:29  Siege Tank  
  81  6:33  Orbital Command, Marine x2  
  81  6:35  SCV x2  
  81  6:38  Terran Infantry Armor Level 1, Terran Infantry Weapons Level 1  
  83  6:43  Marine x3  
  83  6:45  Combat Shield  
  84  6:54  SCV x2, Supply Depot  
  84  6:56  Barracks x2, Marine x2  
  84  6:58  Medivac, Supply Depot  
  84  7:01  SCV  
  91  7:06  SCV x2  
  91  7:07  Orbital Command, Missile Turret  
  93  7:10  Missile Turret  
  93  7:15  SCV, Marine x2  
  93  7:19  SCV  
  93  7:21  Missile Turret  
  93  7:22  Supply Depot  
  97  7:23  Marine x3  
  97  7:27  SCV  
  104  7:30  Siege Tank  
  104  7:31  SCV  
  104  7:35  Supply Depot  
  105  7:38  Missile Turret  
  105  7:43  Armory  
  105  7:44  Barracks Reactor x2  
  105  7:47  Marine x2  
  105  7:48  Marine  
  108  7:52  SCV x2  
  108  7:55  Marine x2  
  108  7:57  SCV  
  113  7:58  Medivac  
  113  8:02  Medivac  
  113  8:04  Widow Mine  
  119  8:06  SCV  
  119  8:08  SCV  
  119  8:10  Marine  
  119  8:11  Marine x2  
  124  8:13  Marine  
  124  8:15  Factory  
  124  8:18  Refinery  
  125  8:22  Supply Depot x2  
  125  8:27  Supply Depot  
  125  8:28  Marine x5  
  125  8:31  Marine x2  
  132  8:36  Sensor Tower  
  132  8:40  Marine x2  
  133  8:46  Marine x3  
  133  8:47  Terran Infantry Weapons Level 2, Terran Infantry Armor Level 2  
  136  8:55  Supply Depot  
  136  8:57  Supply Depot  
  136  8:59  Thor  
  136  9:01  Marine x2  
  136  9:02  Marine  
  145  9:05  Marine x3  
  145  9:12  Marine  
  145  9:14  Medivac x2  
  145  9:16  Factory Reactor  
  145  9:17  Marine x2  
  146  9:19  Marine x2  
  146  9:20  Supply Depot  
  150  9:24  SCV  
  150  9:25  SCV x2  
  150  9:28  Marine x4  
  150  9:30  Drilling Claws  
  157  9:34  Marine x2  
  157  9:35  Marine  
  160  9:38  Marine  
  160  9:42  Marine  
  161  9:45  Thor  
  161  9:46  Marine x3  
  161  9:48  Marine  
  171  9:58  Marine x4  
  171  9:59  Marine  
  175  10:03  Marine  
  175  10:04  Marine x2  
  175  10:06  Marine  
  178  10:11  Widow Mine  
  180  10:15  Marine  
  180  10:16  Command Center  
  181  10:22  Marine x6  
  181  10:23  Widow Mine, Supply Depot  
  181  10:25  Supply Depot  
  189  10:45  Medivac x2, Widow Mine, Marine x2  
  189  10:46  Marine x3  
  200  10:50  Marine  
  200  10:52  Marine x2  
  200  10:55  Widow Mine, Marauder  
  189  11:02  Marine x2  
  189  11:04  Marine x3  
  153  11:06  Widow Mine  
  153  11:07  Widow Mine  
  153  11:08  Marine  
  153  11:10  Marine x2  
  160  11:15  Command Center  
  160  11:16  Marine  
  167  11:20  Marine x2  
  167  11:21  Marine x2  
  167  11:23  Marine  
  168  11:25  Marine  
  168  11:27  Hellbat  
  168  11:28  Marine  
  168  11:33  Marine  
Show
View Real Time Build Order
Export as new Build Order

Erik Zerg 

Build Orders: Hatch First, Muta Ling Bane 

Get SALT Encoding   

  12  0:00  Drone  
  13  0:08  Drone  
  13  0:14  Extractor  
  13  0:15  Drone  
  15  0:39  Hatchery  
  15  0:42  Extractor  
  13  0:44  Drone  
  15  0:50  Overlord  
  15  1:06  Spawning Pool  
  15  1:08  Drone  
  15  1:12  Drone  
  15  1:17  Drone  
  17  1:20  Drone  
  17  1:23  Extractor  
  17  1:30  Drone  
  18  1:41  Drone  
  19  1:53  Queen x2  
  23  1:55  Zergling x2  
  23  1:56  Zergling x2  
  25  2:06  Roach Warren  
  24  2:09  Drone  
  24  2:13  Drone  
  26  2:19  Overlord  
  26  2:32  Overlord  
  26  2:47  Roach  
  26  2:48  Roach x3  
  26  2:51  Roach  
  36  3:05  Drone x5  
  41  3:15  Overlord  
  41  3:18  Drone x2  
  42  3:23  Drone  
  42  3:30  Overlord  
  42  3:42  Hatchery  
  42  3:47  Ravager x2  
  43  3:48  Drone x2  
  43  3:53  Drone x2  
  47  4:00  Overlord  
  47  4:07  Overlord  
  47  4:09  Queen  
  49  4:11  Drone x2  
  51  4:29  Drone x4, Evolution Chamber x2  
  51  4:30  Evolution Chamber  
  52  4:33  Drone x2  
  52  4:34  Drone  
  55  4:40  Lair  
  55  4:52  Overlord  
  57  4:53  Drone x7  
  57  4:55  Extractor  
  57  4:56  Extractor  
  57  4:58  Extractor  
  61  5:00  Queen  
  61  5:04  Metabolic Boost  
  61  5:06  Drone  
  64  5:07  Drone  
  65  5:24  Baneling Nest  
  65  5:25  Drone  
  65  5:28  Queen  
  65  5:35  Drone x2  
  68  5:44  Drone  
  68  5:45  Zergling x2, Spire  
  68  5:46  Zergling x18  
  68  5:48  Drone  
  79  5:52  Overseer  
  79  5:54  Spore Crawler  
  78  5:57  Drone  
  78  5:58  Drone, Spore Crawler  
  78  5:59  Drone  
  80  6:05  Drone x2  
  80  6:08  Overlord  
  82  6:14  Centrifical Hooks  
  82  6:17  Zerg Ground Armor Level 1  
  82  6:21  Overlord  
  81  6:30  Overlord  
  81  6:33  Drone  
  81  6:35  Overlord  
  81  6:37  Baneling x4  
  82  6:42  Drone x8  
  82  6:43  Drone  
  90  6:56  Drone  
  90  6:57  Extractor  
  90  6:58  Extractor  
  89  7:05  Zergling x16  
  89  7:07  Ravager  
  89  7:08  Ravager  
  98  7:09  Baneling x10  
  98  7:18  Zergling x2  
  98  7:19  Zergling x4  
  101  7:28  Drone x2  
  101  7:29  Drone x2  
  105  7:31  Overlord x4  
  105  7:48  Mutalisk x2  
  105  7:49  Mutalisk x4  
  116  7:55  Hatchery  
  116  7:57  Mutalisk x2  
  119  8:03  Drone x3  
  122  8:06  Spore Crawler  
  122  8:10  Zerg Flyer Weapons Level 1  
  122  8:11  Pneumatized Carapace  
  121  8:15  Zerg Melee Weapons Level 1  
  121  8:16  Evolution Chamber  
  120  8:25  Overlord  
  120  8:30  Mutalisk x2  
  120  8:33  Zergling x18  
  133  8:44  Drone x7  
  140  8:54  Mutalisk  
  140  8:55  Mutalisk x2  
  146  8:57  Overlord  
  146  8:58  Overlord  
  146  9:01  Overlord x2  
  145  9:17  Overlord  
  138  9:19  Overseer  
  138  9:21  Zerg Ground Armor Level 2  
  138  9:23  Mutalisk x3  
  144  9:26  Drone x2  
  144  9:27  Extractor  
  144  9:28  Extractor  
  144  9:36  Zergling x18  
  153  9:41  Hatchery  
  152  9:52  Infestation Pit  
  151  9:53  Drone  
  151  9:56  Zergling x20  
  160  10:09  Zergling x10  
  165  10:17  Spore Crawler  
  165  10:18  Baneling x16  
  164  10:23  Hatchery  
  164  10:26  Zergling x24  
  175  10:44  Zergling x10  
  142  10:59  Zergling x22  
  102  11:11  Zergling x6  
  102  11:16  Baneling x2  
  102  11:17  Baneling x6  
  104  11:24  Mutalisk x5  

Tags
 
Add a new tag
Caveats
  • Supply blocks, unpowered buildings, or Contaminate may cause inaccurate times.
  • Supply counts are checked every 10 seconds.